 Dungeon Crawl Stone Soup version 0.26-a0-752-gcff87cac9a (webtiles) character file.

Game seed: 550584321591677984

672 Descartes the Shield-Bearer (level 7, -3/56 HPs)
             Began as a Formicid Fighter on Nov 6, 2020.
             Slain by an orc priest
             ... wielding a +0 trident
              (4 damage)
             ... on level 4 of the Dungeon.
             The game lasted 00:06:42 (3962 turns).

Descartes the Shield-Bearer (Formicid Fighter)      Turns: 3962, Time: 00:06:43

Health: -3/56      AC: 11    Str: 21    XL:     7   Next: 90%
Magic:  13/13      EV:  7    Int:  9    God:
Gold:   173        SH: 10    Dex: 10    Spells: 14/14 levels left

rFire    . . .     SeeInvis +   a - +1 long sword
rCold    . . .     Faith    .   c - +0 kite shield
rNeg     . . .     Spirit   .   p - +0 chain mail
rPois    +         Reflect  .   (helmet unavailable)
rElec    .         Harm     .   v - +0 cloak
rCorr    .         Rampage  .   (no gloves)
MR       .....                  (no boots)
Stlth    ..........             (no amulet)
HPRegen  0.18/turn              f - ring of stealth
MPRegen  0.13/turn              r - ring of poison resistance

@: no status effects
A: permanent stasis, dig shafts and tunnels, four strong arms, antennae 3
a: Dig, Shaft Self


You were on level 4 of the Dungeon.
You visited 1 branch of the dungeon, and saw 4 of its levels.

You collected 173 gold pieces.

Inventory:

Hand Weapons
 a - a +1 long sword (weapon)
Missiles
 g - 134 stones (quivered)
 j - 85 sling bullets
 m - 8 atropa-tipped darts
 n - 50 arrows
 o - 33 bolts
 s - 13 poisoned darts
 t - 7 javelins
Armour
 b - a +0 scale mail
 c - a +0 kite shield (worn)
 p - a +0 chain mail (worn)
 v - a +0 cloak (worn)
Jewellery
 e - a cursed ring of protection from cold {unknown}
 f - a ring of stealth (left hand)
 r - a ring of poison resistance (right hand)
Scrolls
 i - 5 scrolls of remove curse
 q - 2 scrolls of fear {unknown}
Potions
 d - 2 potions of might
 h - 2 potions of lignification {unknown}
 k - a potion of flight
 l - a potion of attraction
 u - a potion of resistance


   Skills:
 - Level 5.0 Fighting
 - Level 2.0 Long Blades
 - Level 5.0 Armour
 + Level 6.7 Shields
 + Level 4.1 Spellcasting


You had 14 spell levels left.
You didn't know any spells.
Your spell library was empty.

Dungeon Overview and Level Annotations

Branches:
Dungeon (4/15)
 Temple: D:4-7

Altars:
Elyvilon
Nemelex Xobeh
Qazlal
Wu Jian
Xom
Yredelemnul

Shops:
D:4 =


Innate Abilities, Weirdness & Mutations

You cannot be hasted, slowed, berserked, paralysed or teleported.
You can dig through walls and to a lower floor.
Your four strong arms can wield two-handed weapons with a shield.
You have a pair of large antennae on your head. (SInv)


Message History

You hit the goblin.
The goblin is heavily wounded.
You block the goblin's attack.
The orc priest hits you but does no damage.
The goblin barely misses you.
You riposte.
You hit the goblin.
You kill the goblin!
The orc priest hits you with a +0 trident!
* * * LOW HITPOINT WARNING * * *
The hobgoblin hits you.
* * * LOW HITPOINT WARNING * * *
A goblin comes into view.
Things that are here:
a +0 club; a +0 scale mail; a goblin corpse You barely miss the orc priest.
The hobgoblin hits you but does no damage.
The orc priest hits you with a +0 trident.
* * * LOW HITPOINT WARNING * * *
You block the hobgoblin's attack.
The orc priest hits you with a +0 trident.
You die...

.#.. ...
#g.###### {
#...#...## . {{
#........##
.####...<.....#
........g.....#
#......g....#
##...o@)...##
###...#...##
##.....#####
##..##..#
#..###.##
###......#
.###....#####
##. .....##.#
.... .#......##
.....


You could see an orc priest, a hobgoblin and 2 goblins.

Vanquished Creatures
  Grinder (D:3)
  Sigmund (D:2)
  A bullfrog (D:3)
  An orc priest (D:4)
  A worker ant (D:4)
  8 gnolls
  3 adders
  An ooze (D:3)
  5 worms
  2 dart slugs
  6 leopard geckos
  2 orcs (D:4)
  A giant cockroach (D:1)
  4 goblins
  4 hobgoblins
  5 jackals (D:1)
  4 kobolds (D:1)
  2 quokkas
  A ball python (D:1)
  12 bats
  7 frilled lizards
  10 rats
82 creatures vanquished.

Notes
Turn   | Place    | Note
-------+----------+-------------------------------------------
     0 | D:1      | Descartes the Formicid Fighter began the quest for the Orb.
     0 | D:1      | Reached XP level 1. HP: 18/18 MP: 1/1
   243 | D:1      | Reached XP level 2. HP: 24/24 MP: 2/2
   579 | D:1      | Reached skill level 4 in Shields
   579 | D:1      | Reached XP level 3. HP: 28/29 MP: 4/4
   602 | D:1      | Reached skill level 1 in Spellcasting
  1423 | D:2      | Found a stormy altar of Qazlal.
  1448 | D:2      | Noticed Sigmund
  1467 | D:2      | Killed Sigmund
  1467 | D:2      | Reached XP level 4. HP: 24/38 MP: 4/7
  1467 | D:2      | Reached XP level 5. HP: 27/43 MP: 4/8
  1467 | D:2      | Reached XP level 6. HP: 31/49 MP: 4/9
  1671 | D:2      | Found a sparkling altar of Nemelex Xobeh.
  2073 | D:2      | Reached skill level 5 in Shields
  2130 | D:2      | Found an ornate altar of the Wu Jian Council.
  2326 | D:2      | Found a shimmering altar of Xom.
  2628 | D:3      | Found a basalt altar of Yredelemnul.
  2661 | D:3      | HP: 1/50 [gnoll/+0 whip (6)]
  3003 | D:3      | Reached XP level 7. HP: 25/55 MP: 11/11
  3219 | D:3      | Noticed Grinder
  3248 | D:3      | Killed Grinder
  3248 | D:3      | Reached skill level 5 in Fighting
  3248 | D:3      | Reached skill level 5 in Armour
  3248 | D:3      | Reached skill level 6 in Shields
  3832 | D:4      | Found a white marble altar of Elyvilon.
  3846 | D:4      | Found Agerun Teci's Jewellery Shop.
  3962 | D:4      | HP: 1/56 [orc priest/+0 trident (2)]
  3962 | D:4      | Slain by an orc priest

Illustrated notes

Levels and vault maps discovered:
D:1:      minmay_arrival_up_and_down, layout_loops_corners
D:2:      layout_basic, nicolae_qazlal_general_emergency,
          nicolae_overflow_hidden_temple, lemuel_doored_altar, tgw_xom,
          uniq_sigmund
D:3:      layout_rooms, old_standard_altar, ebering_dispersal_statue_hall,
          uniq_grinder
D:4:      layout_rooms, old_standard_altar, elyvilon_altar_5,
          portal_sewer_entry_a, serial_shops, shop, fountainhead, st_stairs_4,
          uniq_eustachio, uniq_robin

Skill      XL: |  1  2  3  4  5  6  7 |
---------------+----------------------+-----
Shields        | 4 5 6 |  6.7
Spellcasting   | 2 3 4 |  4.1
Fighting       | 4 5 |  5.0
Armour         | 4 5 |  5.0
Long Blades    | |  2.0

Action                   |  1- 3 |  4- 6 |  7- 9 || total
-------------------------+-------+-------+-------++-------
Melee: Long sword        |   130 |   116 |    88 ||   334
 Abil: Dig               |       |     1 |     1 ||     2
  Use: Scroll            |       |       |     6 ||     6
Armor: Scale mail        |    56 |     3 |       ||    59
       Chain mail        |       |    44 |    36 ||    80
Dodge: Dodged            |    45 |    32 |    18 ||    95
Block: Kite shield       |    76 |    71 |    60 ||   207
       Rpst.: Long sword |    13 |     7 |     8 ||    28

Table legend: (Time is in decaauts)
 A = Elapsed time spent in this place.
 B = Non-inter-level travel time spent in this place.
 C = Inter-level travel time spent in this place.
 D = Time resting spent in this place.
 E = Time spent auto-exploring this place.
 F = Levels seen in this place.
 G = Mean time per level.
                   A        B        C        D        E       F      G
               +--------+--------+--------+--------+--------+-----+--------+
         Total |   4079 |   3981 |     98 |    291 |   2906 |   4 | 1019.8 |
       Dungeon |   4079 |   3981 |     98 |    291 |   2906 |   4 | 1019.8 |
               +--------+--------+--------+--------+--------+-----+--------+

Top non-repeatable levels by time:
     D:2: 1824 daAuts
     D:1: 1131 daAuts
     D:3: 936 daAuts
     D:4: 186 daAuts
